 Dungeon Crawl Stone Soup version 0.19.1 (webtiles) character file.

333 Host24 the Ducker (level 6, 0/40 HPs)
             Began as a Kobold Hunter on Dec 27, 2016.
             Slain by Grinder (4 damage)
             ... on level 3 of the Dungeon.
             The game lasted 00:07:37 (3300 turns).

Host24 the Ducker (Kobold Hunter)                   Turns: 3300, Time: 00:07:37

Health: 0/40       AC:  4    Str: 10    XL:     6   Next: 82%
Magic:  6/6        EV: 18    Int: 12    God:
Gold:   59         SH:  0    Dex: 17    Spells: 0 memorised, 5 levels left

rFire  . . .     SeeInvis .     a - +1 hand crossbow
rCold  . . .     Gourm    .     c - +0 leather armour
rNeg   . . .     Faith    .     (shield restricted)
rPois  .         Spirit   .     (no helmet)
rElec  .         Reflect  .     (no cloak)
rCorr  .         Harm     .     (no gloves)
MR     .....                    q - +0 pair of boots
Stlth  ++........               (no amulet)
                                (no ring)
                                (no ring)

@: no status effects
A: carnivore 3
a: no special abilities


You were on level 3 of the Dungeon.
You were completely stuffed.

You visited 1 branch of the dungeon, and saw 3 of its levels.

You collected 59 gold pieces.

Inventory:

Hand Weapons
 a - a +1 hand crossbow (weapon)
 b - a +0 short sword
 n - a +2 dagger of speed
 t - a +0 rapier
Missiles
 d - 17 bolts (quivered)
 m - 53 stones
 p - 20 sling bullets
 r - 15 arrows
Armour
 c - a +0 leather armour (worn)
 q - a +0 pair of boots (worn)
Scrolls
 e - a scroll of random uselessness {unknown}
 g - 4 scrolls of identify {unknown}
 h - a scroll of enchant armour {unknown}
 j - a scroll of magic mapping {unknown}
Potions
 i - 2 potions of cure mutation {unknown}
 k - a potion of flight {unknown}
 o - a potion of beneficial mutation {unknown}
 u - a potion of degeneration {unknown}
Comestibles
 f - a meat ration
 l - a slice of pizza
 s - 3 chunks of flesh


   Skills:
 + Level 5.2 Fighting
 - Level 5.0 Crossbows
 - Level 6.0 Dodging
 - Level 1.3 Stealth


You had 5 spell levels left.
You didn't know any spells.

Dungeon Overview and Level Annotations

Branches:
Dungeon (3/15)

Altars:
Fedhas
Trog

Annotations:
D:3 Grinder


Innate Abilities, Weirdness & Mutations

You are small and have problems with some larger weapons.
You are carnivorous and can eat meat at any time.


Message History

Firing (i - inventory. (,) - cycle):
d - 20 bolts (quivered)
Press: ? - help, Shift-Dir - straight line, f/p - Grinder
Aim: Grinder (moderately wounded)
You shoot a bolt. The bolt hits Grinder!
Grinder is heavily wounded.
Grinder hits you.
* * * LOW HITPOINT WARNING * * *
You writhe in agony.
* * * LOW HITPOINT WARNING * * *
Firing (i - inventory. (,) - cycle):
d - 19 bolts (quivered)
Press: ? - help, Shift-Dir - straight line, f/p - Grinder
Aim: Grinder (heavily wounded)
You shoot a bolt. The bolt barely misses Grinder.
Grinder misses you.
Firing (i - inventory. (,) - cycle):
d - 18 bolts (quivered)
Press: ? - help, Shift-Dir - straight line, f/p - Grinder
Aim: Grinder (heavily wounded)
You shoot a bolt. The bolt hits Grinder!
Grinder is almost dead.
Grinder hits you.
You die...

#.#......#.....#
#.......##.....##
###.##.###..5...#
#.#### #.#.##.#
#.(# #.#....# ##(#
###.###..#
#(###.#...<..###.#
#########
#5##.....†.......#
#.......#
#@##...####.######
#.....).#
#.#....>###.#
#####....[..##
#...........#
.............#
###.....#.###
#####........#
##...##.# #
#........#
##.###.##
#).......####
####...#
#####.......#
#...# #.##.##.#
#...#


You could see Grinder.

Vanquished Creatures
  An ogre (D:3)
  A bullfrog skeleton (D:3)
  Ijyb (D:2)
  2 orc wizards (D:3)
  4 adders
  3 oozes
  7 worms (D:3)
  2 dart slugs (D:1)
  2 leopard geckos
  An orc (D:3)
  7 giant cockroaches
  10 goblins
  7 hobgoblins
  5 kobolds
  6 bats
  2 frilled lizards
  13 rats
74 creatures vanquished.

Notes
Turn   | Place    | Note
-------+----------+-------------------------------------------
     0 | D:1      | Host24 the Kobold Hunter began the quest for the Orb.
     0 | D:1      | Reached XP level 1. HP: 12/12 MP: 1/1
   148 | D:1      | Reached XP level 2. HP: 11/19 MP: 2/2
   726 | D:1      | Reached XP level 3. HP: 12/23 MP: 3/3
  1512 | D:2      | Noticed Ijyb
  1528 | D:2      | Killed Ijyb
  1528 | D:2      | Reached skill level 3 in Dodging
  1528 | D:2      | Reached XP level 4. HP: 26/29 MP: 4/4
  1764 | D:2      | Reached skill level 4 in Dodging
  1927 | D:3      | Found a blossoming altar of Fedhas.
  1965 | D:3      | Reached XP level 5. HP: 33/33 MP: 5/5
  2000 | D:3      | Noticed an ogre
  2015 | D:3      | Killed an ogre
  2015 | D:3      | Reached skill level 5 in Dodging
  2015 | D:3      | Reached XP level 6. HP: 12/38 MP: 6/6
  2321 | D:3      | Noticed a moth of wrath
  2324 | D:3      | Found a bloodstained altar of Trog.
  2356 | D:3      | Reached skill level 6 in Dodging
  2690 | D:3      | Reached skill level 5 in Fighting
  3114 | D:3      | Reached skill level 5 in Crossbows
  3195 | D:3      | Noticed Grinder
  3267 | D:3      | Paralysed by Grinder for 7 turns
  3300 | D:3      | Slain by Grinder

Skill      XL: |  1  2  3  4  5  6 |
---------------+-------------------+-----
Fighting       | 3 4 5 |  5.2
Dodging        | 3 4 5 6 |  6.0
Crossbows      | 5 |  5.0
Stealth        | |  1.3

Action                   |  1- 3 |  4- 6 || total
-------------------------+-------+-------++-------
Melee: Short sword       |   137 |   108 ||   245
 Fire: Hand crossbow     |     8 |    61 ||    69
 Stab: Sleeping          |     3 |     3 ||     6
  Eat: Chunk             |    10 |     6 ||    16
Armor: Leather armour    |    27 |    20 ||    47
Dodge: Dodged            |   100 |    97 ||   197
